 Dungeon Crawl Stone Soup version 0.18-a0-1185-g2fe3d93 (webtiles) character file.

67 MrRokkomies the Ruffian (level 3, 0/33 HPs)
             Began as a Troll Warper on Jan 28, 2016.
             Slain by Grinder (5 damage)
             ... while paralysed by Grinder
             ... on level 3 of the Dungeon.
             The game lasted 00:04:02 (1815 turns).

MrRokkomies the Ruffian (Troll Warper)              Turns: 1815, Time: 00:04:02

Health: 0/33       AC:  5    Str: 19    XL:     3   Next: 98%
Magic:  3/3        EV:  1    Int: 10    God:
Gold:   99         SH:  0    Dex:  9    Spells: 2 memorised, 1 level left

rFire  . . .     SeeInvis .       - Unarmed
rCold  . . .     Gourm    +     a - +0 robe
rNeg   . . .     Faith    .     (no shield)
rPois  .         Spirit   .     (helmet restricted)
rElec  .         Dismiss  .     (no cloak)
rCorr  .         Reflect  .     (gloves unavailable)
SustAt .         Harm     .     (boots unavailable)
MR     .....                    (no amulet)
Stlth  +.........               (no ring)
                                (no ring)

@: paralysed, drained, not resistant to hostile enchantments, very unstealthy
A: unfitting armour, claws 3, fast metabolism 3, gourmand, regeneration 2,
shaggy fur 1, tough skin 2
a: no special abilities


You were on level 3 of the Dungeon.
You were hungry.

You visited 1 branch of the dungeon, and saw 3 of its levels.

You collected 99 gold pieces.

Inventory:

Missiles
 d - 5 tomahawks of dispersal (quivered)
 e - 36 stones
 j - 22 poisoned needles
Armour
 a - a +0 robe (worn)
Jewellery
 h - an uncursed amulet of harm
 p - an uncursed ring of fire
Scrolls
 c - 3 scrolls of blinking
 g - a scroll of remove curse
 l - a scroll of teleportation {unknown}
 m - a scroll of identify
 n - a scroll of amnesia {unknown}
Potions
 k - 2 potions of curing {unknown}
 o - a potion of flight {unknown}
 q - a potion of resistance {unknown}
Books
 b - a book of Spatial Translocations

   Spells                             Type                      Level
   a - Apportation                    Translocation                1
   b - Blink                          Translocation                2
   c - Shroud of Golubria             Charms/Translocation         2
   d - Portal Projectile              Translocation                3
   e - Teleport Other                 Translocation                3
   f - Passage of Golubria            Translocation                4
Comestibles
 f - 2 bread rations
 i - a meat ration


   Skills:
 - Level 1.5(0.7) Fighting
 - Level 0.8(0.0) Throwing
 - Level 1.9(1.1) Dodging
 * Level 4.3(3.4) Unarmed Combat
 - Level 1.2(0.4) Spellcasting
 - Level 2.1(1.3) Translocations


You had one spell level left.
You knew the following spells:

 Your Spells              Type           Power        Failure   Level  Hunger
a - Apportation           Tloc           #.........   24%         1    ##.....
b - Shroud of Golubria    Chrm/Tloc      #.........   47%         2    ###....


Dungeon Overview and Level Annotations

Branches:
Dungeon (3/15)

Altars:
Ashenzari
Elyvilon
Trog

Annotations:
D:3 Grinder


Innate Abilities, Weirdness & Mutations

You are too large for most types of armour.
You have claws for hands.
Your metabolism is lightning-fast.
You like to eat raw meat.
You heal very quickly.
You are covered in fur (AC +1).
You have very tough skin (AC +2).


Message History

Grinder gestures.
Grinder blinks!
You closely miss Grinder. Grinder hits you.
You writhe in agony.
You barely miss Grinder. Grinder hits you but does no damage.
You closely miss Grinder. Grinder hits you.
You writhe in agony. x2
You scratch Grinder.
Grinder is lightly wounded.
Grinder hits you!
You writhe in agony.
You scratch Grinder.
Grinder is moderately wounded.
Grinder hits you!
You writhe in agony.
* * * LOW HITPOINT WARNING * * *
You barely miss Grinder.
Grinder is moderately wounded.
Grinder gestures at you.
You suddenly lose the ability to move!
Grinder hits you.
* * * LOW HITPOINT WARNING * * *
You writhe in agony.
You die...

......#####..##.#
..........##.##.#
..........##.##.#######
....................<#
#.......##.##.#######
#...........#.#
#.......##..#.#
#####.####..#.##########.
#.# #...@...........
#.######5.################
#........>................
########.###############.#
............... #.##.#
#######.######## #....#
#......... #.####
#..####### #.# #..#
######.#


You could see Grinder.

Vanquished Creatures
  2 adders (D:2)
  3 worms (D:2)
  2 giant geckos
  2 giant cockroaches
  6 goblins
  3 hobgoblins
  6 jackals (D:1)
  A ball python (D:1)
  3 kobolds (D:1)
  10 rats
38 creatures vanquished.

Notes
Turn   | Place    | Note
--------------------------------------------------------------
     0 | D:1      | MrRokkomies the Troll Warper began the quest for the Orb.
     0 | D:1      | Reached XP level 1. HP: 19/19 MP: 1/1
   209 | D:1      | Reached XP level 2. HP: 27/27 MP: 2/2
   222 | D:1      | Learned a level 2 spell: Shroud of Golubria
   387 | D:1      | Reached skill level 3 in Unarmed Combat
   844 | D:2      | Reached XP level 3. HP: 13/33 MP: 3/3
  1105 | D:2      | Found a shattered altar of Ashenzari.
  1222 | D:2      | Found a white marble altar of Elyvilon.
  1269 | D:2      | Reached skill level 4 in Unarmed Combat
  1302 | D:2      | Noticed a moth of wrath
  1305 | D:2      | Found a bloodstained altar of Trog.
  1795 | D:3      | Noticed Grinder
  1814 | D:3      | Paralysed by Grinder for 7 turns
  1815 | D:3      | Slain by Grinder

Vault maps used:
D:1:      saegor_arrival_simple_e, hex_large, minmay_misc_feat_chi,
          serial_bayou_crossing
D:2:      lemuel_doored_altar, old_standard_altar, kennysheep_doodads,
          minmay_misc_feat_cross, tgw_trog
D:3:      uniq_grinder, uniq_iyjb

Action                   || total
-------------------------++-------
Melee: Unarmed           ||   144
  Use: Scroll            ||     2
 Stab: Sleeping          ||     1
  Eat: Chunk             ||    13
